Map: Rhoskallian LE

Players

Massa - Winner!

  • Race: Terran Terran
  • League: Platinum
  • Spawn Location: 6:00

qqq - Winner!

  • Race: Zerg Zerg
  • League: Platinum
  • Spawn Location: 5:00

Snow

  • Race: Protoss Protoss
  • League: Silver
  • Spawn Location: 12:00

LesGrossman

  • Race: Zerg Zerg
  • League: Platinum
  • Spawn Location: 11:00

VOD

Have the link to the VOD?

Description

Time

  • Played on: Dec. 13, 2020, 5:09 a.m.
  • Length: 15:13
Show
View Real Time Build Order
Export as new Build Order

Massa Terran - Winner!

Build Orders:  

Get SALT Encoding   

  12  0:00  SCV  
  13  0:13  SCV  
  14  0:23  Supply Depot  
  14  0:25  SCV  
  15  0:39  Refinery  
  15  0:45  SCV  
  15  0:46  Barracks  
  16  0:57  SCV  
  17  1:04  Barracks  
  17  1:09  SCV  
  18  1:21  SCV  
  19  1:25  Refinery, Supply Depot  
  19  1:35  Supply Depot  
  19  1:40  SCV  
  19  1:44  Reaper  
  21  1:52  Reaper  
  22  2:02  Supply Depot  
  22  2:16  Orbital Command, Marine  
  23  2:24  Marine  
  24  2:33  Marine  
  25  2:43  Factory  
  25  2:59  SCV  
  26  3:10  Command Center  
  26  3:11  SCV  
  27  3:23  SCV  
  27  3:28  Barracks Reactor  
  27  3:44  Factory Tech Lab  
  27  3:45  SCV  
  28  3:50  Starport  
  28  3:58  SCV, Supply Depot  
  28  4:00  Barracks Tech Lab  
  28  4:01  Engineering Bay  
  29  4:06  Siege Tank  
  29  4:09  Marine  
  32  4:10  SCV  
  32  4:12  Marine  
  35  4:22  SCV, Supply Depot  
  35  4:23  Orbital Command  
  36  4:34  SCV  
  37  4:46  SCV, Marauder, Marine x2  
  37  4:48  Stimpack  
  41  4:54  SCV  
  41  4:58  SCV, Siege Tank  
  46  5:06  SCV, Medivac  
  49  5:08  Marauder  
  49  5:10  SCV, Marine x2  
  54  5:18  SCV  
  55  5:22  SCV  
  55  5:28  Marine  
  57  5:29  Marauder  
  57  5:30  SCV, Missile Turret  
  57  5:32  Missile Turret  
  57  5:34  SCV  
  61  5:36  Terran Infantry Weapons Level 1, Missile Turret  
  61  5:41  Refinery  
  61  5:42  SCV  
  62  5:46  SCV  
  63  5:53  Starport Reactor  
  63  5:56  Barracks  
  63  5:59  Barracks  
  63  6:05  Widow Mine  
  63  6:11  Armory  
  65  6:15  Supply Depot  
  65  6:17  Engineering Bay  
  65  6:21  SCV x2  
  67  6:26  Widow Mine  
  69  6:38  Viking  
  69  6:39  Viking  
  73  6:40  Command Center  
  74  6:47  SCV x2  
  75  6:54  Refinery, Barracks Tech Lab  
  75  6:55  Barracks Reactor  
  75  6:57  Terran Infantry Armor Level 1  
  75  6:59  SCV x2  
  77  7:11  SCV x2, Medivac  
  81  7:27  Missile Turret  
  81  7:37  Marauder x2  
  81  7:38  Marine  
  86  7:48  Supply Depot x2  
  86  7:50  Supply Depot  
  86  7:52  Marine x3, Siege Tank  
  86  7:54  Planetary Fortress  
  86  7:56  Marine  
  86  7:57  Refinery  
  93  7:58  Marauder  
  93  7:59  Marauder  
  93  8:00  SCV x2  
  93  8:01  Refinery  
  99  8:12  Supply Depot x2  
  101  8:20  Marauder  
  101  8:23  SCV x2  
  101  8:24  Marine  
  101  8:25  Marauder, Marine x3  
  109  8:27  Siege Tank  
  109  8:30  Medivac x2  
  116  8:35  SCV x2  
  120  8:41  Marauder  
  120  8:44  SCV  
  120  8:47  SCV x2  
  123  8:50  Command Center  
  123  8:56  SCV  
  123  8:59  SCV x2  
  124  9:13  Combat Shield  
  113  9:30  Marauder x2, Marine  
  106  9:37  Siege Tank  
  96  9:39  Marine x2  
  96  9:40  Marine  
  88  9:48  Marine  
  88  9:51  Marauder  
  88  9:52  Marauder  
  88  9:54  Medivac x2  
  88  9:57  Marine x2  
  88  9:58  Marine  
  95  10:06  Marine  
  96  10:09  Siege Tank  
  96  10:12  Marauder  
  96  10:13  Marauder  
  90  10:15  Marine x3  
  93  10:23  Marine  
  93  10:25  Barracks x2  
  93  10:27  Barracks  
  93  10:28  Barracks  
  94  10:31  Concussive Shells  
  94  10:32  Marine  
  94  10:33  Marine x2  
  94  10:34  Marauder x2  
  101  10:41  Marine, Siege Tank  
  104  10:50  Marine x2  
  104  10:51  Marine  
  104  10:55  Marauder  
  104  10:56  Marauder  
  106  10:59  Marine  
  107  11:08  Marine x2  
  107  11:09  Marine  
  110  11:12  Marine  
  110  11:13  Barracks Tech Lab, Siege Tank  
  110  11:14  Barracks Reactor  
  110  11:17  Marauder x2, Marine  
  118  11:26  Marine x2  
  118  11:27  Marine  
  118  11:30  Marine  
  122  11:35  Marine  
  122  11:38  Marauder  
  122  11:39  Marauder x2, Marine  
  129  11:44  Marine x3  
  129  11:45  Siege Tank  
  136  11:53  Barracks Tech Lab  
  136  11:55  Marine x3  
  136  11:57  Marine  
  136  11:58  Terran Infantry Armor Level 2  
  136  11:59  Marauder, Medivac x2  
  136  12:00  Marauder x2  
  150  12:02  Marine x3  
  153  12:12  Marine  
  153  12:13  Marine  
  155  12:19  Siege Tank  
  155  12:21  Marauder x2  
  155  12:22  Marauder  
  153  12:29  Medivac x2  
  148  12:42  Marauder, Planetary Fortress  
  148  12:43  Marauder x2  
  152  12:50  Marine x2  
  153  13:15  Refinery  
  153  13:16  Refinery  
  153  13:19  Supply Depot x2  
  147  13:21  Supply Depot  
  147  13:22  Supply Depot  
  147  13:23  Supply Depot  
  147  13:25  Supply Depot x2  
  147  13:27  Supply Depot  
  147  13:33  Command Center  
  147  13:41  SCV x2, Marauder x3, Marine x2  
  157  13:42  Siege Tank  
  157  13:44  Supply Depot  
  160  13:53  SCV x2  
  128  13:58  Marine x2  
  126  14:05  SCV x2  
  122  14:16  Marine  
  121  14:17  SCV x2  
  122  14:29  SCV x2  
  114  14:41  Marauder  
  114  14:42  Barracks Reactor, Marauder x3  
  114  14:43  Marine x2  
  114  14:44  Marine x4  
  128  14:52  SCV  
Show
View Real Time Build Order
Export as new Build Order

qqq Zerg - Winner!

Build Orders: Hatch First, Brood Lord Corruptor 

Get SALT Encoding   

  12  0:03  Drone  
  13  0:09  Drone  
  14  0:18  Overlord  
  14  0:49  Drone  
  15  0:50  Hatchery  
  15  0:53  Drone  
  15  1:03  Drone x2  
  17  1:23  Spawning Pool  
  17  1:25  Extractor  
  15  1:38  Drone x2  
  17  1:45  Drone  
  17  1:53  Drone  
  18  2:01  Drone  
  19  2:04  Drone  
  20  2:11  Queen  
  24  2:31  Lair  
  24  2:32  Drone x3  
  25  2:44  Drone  
  25  2:48  Drone, Spine Crawler x2  
  25  2:52  Extractor  
  25  2:53  Drone  
  25  2:55  Spine Crawler  
  24  3:05  Drone x2  
  26  3:06  Drone x2  
  28  3:23  Overlord  
  28  3:34  Spire  
  27  3:47  Drone x2  
  27  3:48  Drone  
  30  3:57  Drone  
  30  3:58  Drone, Overlord  
  30  3:59  Drone  
  33  4:03  Extractor  
  33  4:04  Extractor  
  33  4:09  Drone  
  32  4:14  Drone  
  33  4:25  Drone  
  34  4:31  Hatchery  
  34  4:35  Drone  
  34  4:39  Spine Crawler  
  33  4:45  Drone x2  
  33  4:46  Drone  
  33  4:50  Mutalisk x3  
  42  5:04  Overlord  
  42  5:05  Overlord x2  
  42  5:06  Overlord  
  42  5:17  Zerg Flyer Weapons Level 1  
  42  5:21  Infestation Pit  
  42  5:24  Queen  
  42  5:26  Mutalisk  
  42  5:28  Overlord  
  45  5:38  Corruptor  
  47  5:48  Mutalisk  
  50  5:50  Drone x7  
  50  5:54  Queen  
  58  5:59  Drone  
  59  6:05  Mutalisk  
  59  6:07  Drone  
  59  6:08  Drone  
  59  6:10  Drone  
  59  6:11  Drone  
  65  6:14  Drone  
  65  6:18  Mutalisk  
  68  6:20  Mutalisk  
  68  6:24  Drone x2  
  72  6:30  Corruptor  
  72  6:31  Drone  
  72  6:32  Drone  
  76  6:41  Mutalisk  
  76  6:42  Drone x3  
  76  6:43  Drone  
  82  7:08  Mutalisk  
  80  7:12  Metabolic Boost  
  80  7:13  Overlord x2  
  80  7:14  Overlord x5  
  80  7:15  Overlord x3  
  82  7:27  Extractor  
  82  7:28  Extractor, Queen  
  82  7:32  Hive  
  82  7:36  Drone  
  82  7:37  Drone, Mutalisk  
  84  7:40  Zergling x4  
  88  7:47  Baneling Nest  
  87  7:54  Pneumatized Carapace  
  87  7:56  Overseer  
  87  8:07  Drone x2  
  87  8:08  Mutalisk x2  
  87  8:11  Overlord x2  
  87  8:12  Overlord x2  
  93  8:13  Drone  
  94  8:28  Drone  
  94  8:30  Hatchery  
  94  8:45  Greater Spire  
  92  8:49  Corruptor x4  
  94  9:12  Drone  
  94  9:13  Drone x5  
  94  9:26  Corruptor x5  
  96  9:34  Corruptor  
  98  9:44  Mutalisk  
  98  9:45  Mutalisk  
  95  10:00  Zergling x8  
  98  10:08  Brood Lord x4  
  98  10:10  Brood Lord  
  98  10:11  Drone x3  
  111  10:16  Corruptor  
  111  10:18  Zergling x2  
  114  10:35  Baneling x2  
  114  10:36  Baneling x6, Spine Crawler  
  114  10:37  Centrifical Hooks  
  106  10:56  Hatchery  
  103  11:05  Hatchery  
  103  11:08  Brood Lord x3  
  103  11:10  Corruptor  
  103  11:11  Zergling x10  
  112  11:12  Drone  
  112  11:13  Drone x2  
  110  11:42  Mutalisk x2  
  110  11:43  Corruptor x2  
  110  11:45  Drone x2  
  120  11:48  Zerg Flyer Weapons Level 2  
  120  11:58  Drone x2, Corruptor  
  120  11:59  Corruptor  
  126  12:21  Spine Crawler x2, Spore Crawler  
  119  12:25  Overseer x3  
  119  12:29  Corruptor x3  
  125  12:31  Zergling x6  
  125  12:35  Drone x2  
  130  12:47  Corruptor  
  130  12:48  Mutalisk  
  130  12:50  Mutalisk x2  
  130  12:51  Drone x5  
  140  12:52  Drone  
  140  12:56  Spore Crawler  
  143  13:00  Spore Crawler  
  136  13:36  Mutalisk, Viper x2  
  136  13:37  Mutalisk x2  
  114  13:50  Zergling x10  
  117  14:00  Swarm Host  
  116  14:03  Zergling x6  
  116  14:04  Zergling x2  
  120  14:11  Zergling x4  
  120  14:12  Drone x6  
  128  14:17  Extractor  
  128  14:19  Extractor  
  126  14:27  Brood Lord x3  
  126  14:28  Brood Lord  
  134  14:33  Zergling x6  
  134  14:34  Drone x3  
  134  14:35  Zergling x8  
Show
View Real Time Build Order
Export as new Build Order

Snow Protoss 

Build Orders: 1 Gate Expand 

Get SALT Encoding   

  12  0:01  Probe (Chrono Boost)  
  13  0:10  Probe (Chrono Boost)  
  14  0:15  Probe (Chrono Boost)  
  15  0:26  Pylon  
  15  0:44  Probe  
  15  0:48  Gateway  
  16  0:56  Probe  
  17  1:08  Probe  
  18  1:20  Probe  
  19  1:27  Assimilator  
  19  1:31  Nexus  
  19  1:38  Cybernetics Core  
  19  1:47  Probe (Chrono Boost)  
  20  1:56  Assimilator  
  20  1:58  Probe (Chrono Boost)  
  21  2:03  Probe (Chrono Boost)  
  22  2:12  Gateway  
  22  2:13  Probe  
  22  2:14  Pylon  
  23  2:16  Warp Gate (Chrono Boost)  
  23  2:32  Probe  
  23  2:35  Stalker  
  26  2:44  Gateway  
  26  2:45  Probe  
  26  2:51  Pylon  
  27  2:56  Probe  
  27  2:57  Probe  
  29  3:03  Adept  
  31  3:16  Adept  
  31  3:17  Shield Battery  
  33  3:22  Pylon  
  33  3:32  Probe  
  34  3:34  Probe, Gateway  
  35  3:47  Twilight Council  
  35  3:52  Stalker  
  37  3:55  Probe x2  
  37  4:00  Assimilator  
  39  4:07  Probe  
  39  4:08  Probe  
  41  4:16  Forge  
  41  4:20  Probe  
  41  4:22  Charge (Chrono Boost)  
  41  4:29  Pylon  
  41  4:33  Stalker  
  41  4:35  Stalker  
  45  4:45  Probe x2  
  47  4:50  Assimilator  
  47  4:57  Probe x2  
  49  5:09  Probe x2, Protoss Ground Weapons Level 1 (Chrono Boost)  
  49  5:10  Pylon  
  51  5:14  Photon Cannon  
  51  5:20  Photon Cannon  
  52  5:21  Probe x2  
  52  5:23  Pylon  
  53  5:33  Probe x2  
  55  5:36  Stalker  
  57  5:43  Photon Cannon, Blink (Chrono Boost)  
  57  5:45  Probe x2  
  57  5:48  Photon Cannon  
  59  5:57  Probe x2  
  59  6:00  Photon Cannon  
  61  6:19  Zealot  
  61  6:21  Zealot  
  65  6:28  Nexus  
  65  6:35  Stalker x2  
  68  6:48  Stargate  
  68  6:50  Stalker  
  68  6:51  Stalker  
  72  7:02  Shield Battery  
  72  7:04  Photon Cannon  
  72  7:12  Stalker x2  
  76  7:18  Protoss Ground Weapons Level 2 (Chrono Boost)  
  76  7:30  Stargate  
  76  7:31  Phoenix (Chrono Boost)  
  78  7:38  Probe  
  79  7:47  Phoenix (Chrono Boost)  
  79  7:49  Stalker x2  
  85  7:58  Nexus  
  85  8:01  Pylon  
  85  8:22  Photon Cannon  
  85  8:26  Photon Cannon  
  85  8:28  Photon Cannon  
  85  8:30  Probe, Shield Battery  
  85  8:31  Probe  
  85  8:33  Phoenix  
  85  8:34  Phoenix  
  91  8:43  Probe  
  92  8:58  Phoenix  
  92  9:00  Phoenix  
  92  9:07  Stalker  
  92  9:08  Stalker x3  
  57  10:01  Stalker x4  
  57  10:04  Probe x2  
  57  10:05  Probe  
  60  10:09  Void Ray x2  
  60  10:10  Gateway  
  60  10:12  Gateway  
  60  10:15  Gateway  
  60  10:16  Probe  
  60  10:18  Pylon  
  69  10:21  Probe  
  69  10:22  Probe, Pylon  
  69  10:24  Assimilator  
  69  10:25  Pylon, Zealot x4  
  79  10:28  Probe  
  79  10:31  Protoss Ground Weapons Level 3 (Chrono Boost)  
  79  10:34  Probe  
  81  10:42  Assimilator  
  81  10:51  Zealot x4  
  87  11:05  Void Ray  
  87  11:06  Void Ray, Stalker  
  94  11:22  Zealot x4  
  92  11:43  Void Ray x2 (Chrono Boost)  
  92  11:46  Stalker  
  92  11:47  Stalker x3  
  84  11:48  Stalker x3  
  102  12:02  Pylon  
  102  12:04  Pylon  
  85  12:22  Fleet Beacon  
  76  12:25  Stargate  
  76  12:28  Stargate  
  66  13:04  Void Ray x2  
  74  13:13  Flux Vanes  
  52  13:51  Zealot x3  
  44  14:00  Zealot x4  
  40  14:12  Zealot x2  
  40  14:13  Zealot  
  46  14:21  Zealot x4  
  43  14:34  Stalker x3  
  57  14:44  Stalker x3  
  53  15:02  Stalker  
  53  15:03  Stalker x3  
Show
View Real Time Build Order
Export as new Build Order

LesGrossman Zerg 

Build Orders: Pool First, Lurkers, Roach Hydra 

Get SALT Encoding   

  12  0:01  Drone  
  13  0:08  Drone  
  14  0:15  Extractor  
  13  0:30  Spawning Pool  
  13  0:32  Drone  
  13  0:39  Drone  
  14  0:44  Extractor  
  14  0:45  Drone  
  15  0:55  Overlord  
  15  1:17  Metabolic Boost  
  15  1:19  Zergling x6  
  18  1:47  Hatchery  
  18  1:50  Drone  
  18  1:56  Drone x2  
  20  2:10  Queen  
  22  2:16  Overlord  
  22  2:36  Drone x3  
  24  2:47  Drone  
  24  2:49  Queen  
  27  3:01  Roach Warren  
  27  3:04  Drone  
  27  3:07  Queen  
  27  3:11  Drone  
  27  3:12  Extractor  
  29  3:18  Overlord  
  29  3:21  Drone  
  30  3:29  Drone  
  30  3:30  Drone  
  32  3:39  Drone x3  
  35  3:44  Overlord  
  35  3:51  Drone x2  
  37  3:57  Drone x2  
  39  4:03  Overlord  
  39  4:07  Roach  
  41  4:12  Roach x2  
  45  4:21  Drone  
  45  4:22  Drone x3  
  49  4:25  Extractor  
  49  4:26  Extractor  
  49  4:29  Roach  
  49  4:46  Drone x6  
  49  4:51  Lair  
  55  5:01  Overlord  
  55  5:02  Overlord  
  55  5:04  Roach x2  
  59  5:15  Hatchery  
  58  5:36  Drone  
  58  5:37  Drone x5  
  58  5:42  Roach x4  
  72  5:46  Overlord  
  72  5:56  Queen  
  74  5:59  Overseer  
  74  6:03  Drone  
  75  6:04  Drone x4  
  75  6:10  Hydralisk Den  
  78  6:12  Spore Crawler  
  78  6:13  Spore Crawler  
  78  6:15  Drone x4  
  80  6:20  Glial Reconstitution  
  80  6:26  Evolution Chamber  
  80  6:28  Evolution Chamber  
  77  6:35  Spore Crawler  
  77  6:36  Spore Crawler  
  77  6:39  Spore Crawler  
  74  6:42  Spore Crawler  
  74  6:44  Spore Crawler  
  74  6:45  Hydralisk, Spore Crawler  
  74  6:46  Spore Crawler  
  72  6:52  Hydralisk  
  72  6:53  Hydralisk  
  76  7:03  Drone  
  76  7:04  Drone x5  
  76  7:07  Overlord  
  82  7:11  Overlord  
  82  7:16  Muscular Augments  
  82  7:25  Lurker Den  
  82  7:27  Drone x5  
  86  7:30  Extractor  
  86  7:32  Drone x2  
  86  7:34  Extractor  
  87  7:44  Drone  
  87  7:48  Hydralisk x3  
  87  7:49  Hydralisk x2  
  92  8:06  Hydralisk x5  
  102  8:23  Zerg Missile Weapons Level 1, Zerg Ground Armor Level 1  
  102  8:26  Spire  
  101  8:28  Grooved Spines  
  101  8:29  Hydralisk x2  
  101  8:32  Overlord  
  105  8:38  Spore Crawler  
  104  8:42  Hydralisk  
  104  8:43  Overlord  
  104  8:44  Overlord  
  106  8:56  Hydralisk x2  
  106  8:57  Hydralisk x2  
  114  9:08  Hydralisk  
  114  9:09  Hydralisk x2  
  120  9:13  Overlord  
  120  9:14  Overlord  
  96  9:31  Hydralisk  
  96  9:32  Hydralisk x4  
  104  9:42  Hydralisk  
  104  9:43  Hydralisk x3  
  104  9:49  Hydralisk  
  102  9:54  Hydralisk x2  
  104  10:03  Hydralisk  
  100  10:11  Hydralisk x4  
  102  10:25  Hydralisk  
  104  10:29  Zerg Missile Weapons Level 2  
  104  10:31  Hatchery  
  103  10:37  Drone  
  103  10:38  Drone x4  
  92  11:06  Hydralisk x8  
  108  11:16  Hydralisk x3  
  112  11:32  Lurker  
  87  11:35  Hydralisk x4  
  87  11:36  Hydralisk  
  87  11:38  Lurker x2  
  95  11:47  Hydralisk x3  
  95  11:49  Lurker  
  102  11:57  Hydralisk  
  104  12:05  Hydralisk  
  104  12:06  Hydralisk x4  
  82  12:33  Lurker x2  
  82  12:35  Lurker  
  85  12:38  Lurker x4  
  85  12:40  Corruptor x5  
  99  13:06  Hydralisk  
  99  13:07  Hydralisk x7  
  113  13:24  Corruptor  
  113  13:25  Corruptor x3  
Tags
 
Add a new tag
Caveats
  • Supply blocks, unpowered buildings, or Contaminate may cause inaccurate times.
  • Supply counts are checked every 10 seconds.